 Dungeon Crawl Stone Soup version 0.31.0-11-ge490571c62 (webtiles) character file.

Game seed: 6343413136982750981

24 SnakkuSnakku7 the Ducker (level 3, 0/27 HPs)
             Began as a Merfolk Air Elementalist on Jan 30, 2024.
             Killed themself with a bounced zap (3 damage)
             ... on level 2 of the Dungeon.
             The game lasted 00:02:41 (1205 turns).

SnakkuSnakku7 the Ducker (Merfolk Air Elementalist) Turns: 1205, Time: 00:02:41

Health: 0/27       AC:  2    Str: 10    XL:     3   Next: 2%
Magic:  5/6        EV: 12    Int: 14    God:
Gold:   73         SH:  0    Dex: 14    Spells: 5/6 levels left

rFire   . .          .
                       - Unarmed
rCold   . . .        (no shield)
rNeg    . . .        a - +0 robe
rPois   .            (no helmet)
rElec   .            (no cloak)
rCorr   .            (no gloves)
SInv    .            (no boots)
Will    .....        (no amulet)
Stlth   ++           i - ring of flight
HPRegen 0.24/turn    (no ring)
MPRegen 0.10/turn

%: no passive effects
@: lethally poisoned (0 -> -6), flying
A: (nimble swimmer 2), mertail
a: no special abilities


You were on level 2 of the Dungeon.
You visited 1 branch of the dungeon, and saw 2 of its levels.

You collected 73 gold pieces.

Inventory:

Armour
 a - a +0 robe (worn)
 m - a +0 buckler
Jewellery
 i - a ring of flight (left hand)
Scrolls
 c - a scroll of teleportation {unknown}
 e - a scroll of fear {unknown}
 g - a scroll of noise {unknown}
 h - a scroll of blinking {unknown}
 k - a scroll of identify {unknown}
Potions
 b - a potion of magic
 d - a potion of heal wounds {unknown}
 f - a potion of invisibility {unknown}
 j - a potion of haste {unknown}
 l - a potion of curing {unknown}


   Skills:
 + Level 1.8 Fighting
 - Level 2.6 Dodging
 - Level 2.1 Stealth
 + Level 1.9 Unarmed Combat
 - Level 2.0 Spellcasting
 - Level 0.7 Conjurations
 - Level 2.4 Air Magic


You had 5 spell levels left.
You knew the following spells:

 Your Spells              Type           Power      Damage    Failure   Level
a - Shock                 Conj/Air       20%        1d4       13%         1

Your spell library contained the following spells:

 Spells                   Type           Power      Damage    Failure   Level
 Static Discharge         Conj/Air       10%        3-4/arc   19%         2
 Swiftness                Air            8%         N/A       26%         3
 Airstrike                Air            4%         2d(1-17)  65%         4


Dungeon Overview and Level Annotations

Branches:
Dungeon (2/15)

Altars:


Innate Abilities, Weirdness & Mutations

((You are very nimble when in or above water. (Stealth+, EV+, Speed+++)))
Your lower body shifts to a powerful aquatic tail in water.


Message History

You are poisoned.
The adder poisons you! The adder bites you but does no damage.
You closely miss the adder.
You feel sick. The adder bites you but does no damage.
You hit the adder.
The adder is lightly wounded.
You feel sick. The adder misses you.
You closely miss the adder.
The adder is lightly wounded.
You feel sick. The adder bites you.
You are more poisoned.
The adder poisons you! The adder closely misses you.
You barely miss the adder.
The adder is lightly wounded.
You feel sick. The adder bites you.
You hit the adder but do no damage.
The adder is lightly wounded.
You feel sick. The adder bites you.
You hit the adder.
The adder is moderately wounded.
You feel sick. The adder barely misses you.
You hit the adder.
The adder is heavily wounded.
You feel sick. The adder bites you.
* * * LOW HITPOINT WARNING * * *
You are lethally poisoned!
The adder poisons you! The adder bites you but does no damage.
You hit the adder but do no damage.
The adder is heavily wounded.
* * * LOW HITPOINT WARNING * * *
You feel sick. The adder barely misses you.
* * * LOW HITPOINT WARNING * * *
You feel sick. The adder attacks as it pursues you!
The adder bites you but does no damage.
Aiming: Shock (safe; 13% risk of failure)
Press: ? - help, Q - select action Shift-Dir - straight line The zap misses the adder.
The zap hits the adder.
The adder is severely wounded.
The zap hits you.
You die...

### .##.#....#
....#.##.#
#..#..#.# #
?....#.# .#
....#.# ..
#..#.#.###.#
#..#S.......
######..@.<.#####
#....#.######
##.##...#
#8.8##### ##.##
####..#8_8#
#.....##[## ##
#.....#8.8#..#
#.....##.##..#


You could see an adder.

Vanquished Creatures
  A dart slug (D:1)
  A ball python (D:1)
  2 endoplasms (D:1)
  2 goblins (D:1)
  2 hobgoblins (D:1)
  4 kobolds
  A quokka (D:1)
  2 bats (D:1)
  2 frilled lizards (D:1)
  4 rats (D:1)
21 creatures vanquished.

Notes
Turn   | Place    | Note
-------+----------+-------------------------------------------
     0 | D:1      | SnakkuSnakku7 the Merfolk Air Elementalist began the quest
                  | for the Orb.
     0 | D:1      | Reached XP level 1. HP: 13/13 MP: 3/3
   285 | D:1      | Reached skill level 1 in Fighting
   285 | D:1      | Reached skill level 1 in Unarmed Combat
   310 | D:1      | Reached XP level 2. HP: 13/21 MP: 3/5
  1130 | D:2      | Found a faded altar of an unknown god.
  1149 | D:2      | Reached XP level 3. HP: 18/27 MP: 6/6
  1205 | D:2      | Killed themself with a bounced zap

Illustrated notes

Levels and vault maps discovered:
D:1:      dpeg_arrival_shelter, layout_basic, minmay_misc_feat_room,
          glass_columns_a
D:2:      layout_basic, basic_altar, ebering_ecumenical_altar_hall,
          minmay_unequal

Skill      XL: |  1 |
---------------+----+-----
Fighting       | 1 |  1.8
Unarmed Combat | 1 |  1.9
Dodging        | |  2.6
Stealth        | |  2.1
Spellcasting   | |  2.0
Conjurations   | |  0.7
Air Magic      | |  2.4

Action                     || total
---------------------------++-------
  Melee: Unarmed           ||   116
         Punch             ||     2
   Cast: Shock             ||    16
   Stab: Sleeping          ||     2
 Armour: Robe              ||    61
  Dodge: Dodged            ||    68
